 Dungeon Crawl Stone Soup version 0.23.2-40-g277498a001 (webtiles) character file.

Game seed: 18254302466418778816

17 FishyPogo the Vexing (level 2, -2/16 HPs)
             Began as a Kobold Arcane Marksman on Aug 17, 2019.
             Slain by an adder (5 damage)
             ... on level 2 of the Dungeon.
             The game lasted 00:04:35 (1002 turns).

FishyPogo the Vexing (Kobold Arcane Marksman)       Turns: 1002, Time: 00:04:35

Health: -2/16      AC:  3    Str:  7    XL:     2   Next: 80%
Magic:  1/3        EV: 15    Int: 19    God:
Gold:   30         SH:  0    Dex: 15    Spells: 0/3 levels left

rFire    . . .     SeeInvis .   b - +0 short sword
rCold    . . .     Gourm    .   (shield restricted)
rNeg     . . .     Faith    .   j - +0 leather armour
rPois    .         Spirit   .   (no helmet)
rElec    .         Reflect  .   (no cloak)
rCorr    .         Harm     .   (no gloves)
MR       .....                  (no boots)
Stlth    +.........             g - amulet of the acrobat
HPRegen  0.05/turn              h - -5 ring of slaying (curse)
MPRegen  0.08/turn              (no ring)

@: brilliant, lethally poisoned (-2 -> -6)
A: small, carnivore
a: no special abilities


You were on level 2 of the Dungeon.
You were very full.

You visited 1 branch of the dungeon, and saw 2 of its levels.

You collected 30 gold pieces.

Inventory:

Hand Weapons
 a - a +1 hand crossbow
 b - a +0 short sword (weapon)
Missiles
 d - 15 bolts
 k - 10 stones (quivered)
Armour
 j - a +0 leather armour (worn)
Jewellery
 g - an amulet of the acrobat (around neck)
 h - a cursed -5 ring of slaying (left hand)
Comestibles
 f - 2 rations


   Skills:
 + Level 1.6 Fighting
 + Level 2.7 Crossbows
 * Level 2.9 Dodging
 + Level 1.3 Spellcasting
 + Level 3.1 Hexes


You couldn't memorise any spells.
You knew the following spells:

 Your Spells              Type           Power        Failure   Level  Hunger
a - Corona                Hex            ###....      1%          1    ##.....
b - Slow                  Hex            ###.....     1%          2    ###....

Your spell library contained the following spells:

 Spells                   Type           Power        Failure   Level  Hunger
 Inner Flame              Hex/Fire       ###.....     5%          3    ####...
 Portal Projectile        Hex/Tloc       ###...       5%          3    ####...
 Cause Fear               Hex            ###.......   9%          4    #####..
 Leda's Liquefaction      Hex/Erth       ###.......   16%         4    #####..


Dungeon Overview and Level Annotations

Branches:
Dungeon (2/15)

Altars:


Innate Abilities, Weirdness & Mutations

You are small and have problems with some larger weapons.
You are carnivorous and can eat meat at any time.


Message History

The adder is moderately wounded.
You feel sick. The adder bites you but does no damage.
You barely miss the adder.
The adder is moderately wounded.
The adder closely misses you. The adder bites you.
* * * LOW HITPOINT WARNING * * *
It was a potion of brilliance.
You feel clever all of a sudden.
* * * LOW HITPOINT WARNING * * *
You feel sick. The adder closely misses you.
Casting: Slow (safe; 1% risk of failure)
Confirm with . or Enter, or press ? or * to list all spells.
Aiming: Slow (safe; 1% risk of failure)
Press: ? - help, Shift-Dir - straight line, f/p - adder
Aim: an adder (moderately wounded, chance to defeat MR: 72%)
The adder struggles to resist.
The adder barely misses you.
Your leather armour prevents you from hitting the adder.
The adder is moderately wounded.
The adder bites you.
You die...

#......#*.#*,,,,,,,,,*
#......##.#*,,,,,,,,,,
#.........##**,*,*****
#...........,,,,,,,,,,
**####*#......#...****,,,,,**
*****,.....#.#.#....#,,*******,**
,,,,,..............#**,,,*****,,*
,,≈,,.≈..........#.#****,,,,,,,,,
,≈≈≈≈.....#.....@#..* ***********
≈**≈*≈≈...#.....S#*,***,,,,,,,,,,
,*≈≈≈≈#≈.,#......(......,,,,,,,,,
,*≈,_≈#≈≈,#...#####....(,,,,,,,,,
,*≈8>≈#≈≈≈#..##*****...g,,,,,,,,,
≈≈≈≈≈≈≈≈,...#*,,_,,**...,,,,,,,,,
≈≈*≈+**≈.$.#*,≈,,,≈,*,..,,,,,,,,,
≈≈≈,,,,≈...**,≈≈,≈≈,*,,.,,,,,,,,,
,,,,,,,,,,,,*,,≈,≈,,*,,,,,,,,,,,,


You could see an adder.

Vanquished Creatures
  A dart slug (D:1)
  A ball python (D:1)
  A giant cockroach (D:1)
  4 hobgoblins (D:1)
  A bat (D:1)
  2 frilled lizards (D:1)
  2 kobolds (D:1)
  3 rats (D:1)
15 creatures vanquished.

Notes
Turn   | Place    | Note
-------+----------+-------------------------------------------
     0 | D:1      | FishyPogo the Kobold Arcane Marksman began the quest for
                  | the Orb.
     0 | D:1      | Reached XP level 1. HP: 12/12 MP: 2/2
    66 | D:1      | Reached XP level 2. HP: 16/16 MP: 3/3
   133 | D:1      | Learned a level 2 spell: Slow
  1002 | D:2      | Slain by an adder

Action                   || total
-------------------------++-------
Melee: Short sword       ||    38
 Fire: Hand crossbow     ||    13
 Cast: Slow              ||     3
  Use: Scroll            ||     3
       Potion            ||     1
  Eat: Chunk             ||     8
Armor: Leather armour    ||     8
Dodge: Dodged            ||    37
